AoeStats
← 初秋日未眠

Golden Pit

510086234Analyzed
1v1 RM · 4d ago on Sep 29, 2026· 21m 25s· 2 players
Game mode
Random Map
Map size
Tiny (2 player)
Population
200
Speed
Normal
Resources
Standard
Victory
Conquest
Starting age
Dark Age
Ending age
Imperial Age
RankedLock teamsTeams togetherTeam positionsShared explorationLock speedFull tech treeHidden civsTurbo modeCheats
Victory
Defeat
🇪🇸 Armenians · Spain
1132
+14
🇨🇳 Tatars · China
1094
-14
初秋日未眠
11:10 Feudal Age
10:06 Loom
14:19 Fletching
19:24 Castle Age
Tanito7
7:13 Loom
9:49 Feudal Age
10:16 Man-at-Arms
12:06 Double-Bit Axe
13:09 Long Swordsman
15:41 Scale Mail Armor
22:17 Castle Age
21:35 Gold Mining
Connection lost

Rejoining the realm…

Still unreachable

The connection could not be restored.

Session expired

The server has moved on; the page needs a fresh start.